 Dungeon Crawl Stone Soup version 0.18-a0-337-g1235303 (webtiles) character file.

786 Raultor the Destroyer (level 7, -4/41 HPs)
             Began as an Octopode Conjurer on Nov 28, 2015.
             Slain by an ogre
             ... wielding a +0 giant club
              (12 damage)
             ... on level 4 of the Dungeon.
             The game lasted 00:21:38 (5651 turns).

Raultor the Destroyer (Octopode Conjurer)           Turns: 5651, Time: 00:21:39

Health: -4/41      AC:  1    Str:  8    XL:     7   Next: 87%
Magic:  3/10       EV: 12    Int: 19    God:
Gold:   237        SH:  0    Dex: 12    Spells: 2 memorised, 6 levels left

rFire  + . .     SeeInvis .     B - +0 quarterstaff
rCold  . . .     Clarity  .     (shield currently unavailable)
rNeg   . . .     SustAt   .     (helmet restricted)
rPois  .         Gourm    +     w - amulet of the gourmand
rElec  .         Spirit   .     d - ring of protection from fire
rCorr  .         Warding  .     g - ring of wizardry
rMut   .         Stasis   .     (no ring)
MR     .....                    (no ring)
Stlth  +++.......               (no ring)
                                (no ring)
                                (no ring)
                                (no ring)

@: not resistant to hostile enchantments, fairly stealthy
A: almost no armour, amphibious, 8 rings, constrict 8, camouflage 1, gelatinous
body 1
a: no special abilities


You were on level 4 of the Dungeon.
You were completely stuffed.

You visited 2 branches of the dungeon, and saw 6 of its levels.

You collected 237 gold pieces.

Inventory:

Hand Weapons
 B - a +0 quarterstaff (weapon)
Missiles
 z - a throwing net (quivered)
Jewellery
 d - a ring of protection from fire (left tentacle)
 g - a ring of wizardry (right tentacle)
 o - an uncursed ring of ice
 w - an amulet of the gourmand (around mantle)
Scrolls
 c - 7 scrolls of identify {unknown}
 e - 2 scrolls of noise {unknown}
 f - 3 scrolls of remove curse
 p - 3 scrolls of immolation {unknown}
 q - a scroll of magic mapping {unknown}
 s - a scroll of amnesia {unknown}
 y - a scroll of recharging {unknown}
 C - a scroll of random uselessness {unknown}
Potions
 i - a potion of lignification {unknown}
 k - a potion of invisibility {unknown}
 l - 2 potions of degeneration {unknown}
 n - a potion of poison {unknown}
 r - a potion of curing
 t - a potion of magic {unknown}
 u - a potion of flight {unknown}
 x - 2 potions of mutation {unknown}
Books
 a - a book of Conjurations

   Spells                             Type                      Level
   a - Magic Dart                     Conjuration                  1
   b - Searing Ray                    Conjuration                  2
   c - Dazzling Spray                 Conjuration/Hexes            3
   d - Fulminant Prism                Conjuration/Hexes            4
   e - Iskenderun's Mystic Blast      Conjuration                  4
   f - Iskenderun's Battlesphere      Conjuration/Charms           5
Comestibles
 b - 3 bread rations
 h - a beef jerky
 j - 2 royal jellies
 m - a fruit
 v - 2 slices of pizza
 A - a meat ration


   Skills:
 + Level 0.6 Staves
 - Level 2.1 Dodging
 - Level 2.6 Stealth
 - Level 2.5 Spellcasting
 + Level 8.0 Conjurations
 * Level 4.0 Hexes


You had 6 spell levels left.
You knew the following spells:

 Your Spells              Type           Power        Failure   Level  Hunger
a - Magic Dart            Conj           ####         1%          1    #......
b - Fulminant Prism       Conj/Hex       ####......   6%          4    #####..


Dungeon Overview and Level Annotations

Branches:
Dungeon (5/15)             Temple (1/1) D:5

Altars:
Ashenzari
Cheibriados
Elyvilon
Fedhas
Kikubaaqudgha
Makhleb
Okawaru
Qazlal
Ru
Sif Muna
Trog
Xom

Annotations:
D:4 Pikel


Innate Abilities, Weirdness & Mutations

You cannot wear most types of armour.
You are amphibious.
You can wear up to eight rings at the same time.
You can use your tentacles to constrict eight enemies at once.
Your skin changes colour to match your surroundings (Stealth).
Your rubbery body absorbs attacks (AC +1).


Message History

You barely miss the ogre.
The ogre is moderately wounded.
The ogre hits you with a giant club!
You barely miss the ogre.
The ogre is moderately wounded.
The ogre closely misses you. The slave hits you.
You hit the ogre.
The ogre is heavily wounded.
The ogre hits you with a giant club!!
* * * LOW HITPOINT WARNING * * *
The slave completely misses you.
You barely miss the ogre.
The ogre is heavily wounded.
The slave barely misses you. The ogre barely misses you.
Read which item? (? for menu, Esc to quit)
As you read the scroll labeled RUG VUNOMY, it crumbles to dust.
You feel as if something is helping you.
It was a scroll of remove curse.
The slave barely misses you. The ogre hits you with a giant club!
You die...

.........# #........#
###*K ........##
###..........# .#
...)...p##
#...#........#####p#
.........# #.#
#########......#
##...#...###.# ###.######
#.##..#..##># ##.p.#
#.....###.##.# ####..###
#..#### #.##.#####....##
#.. #......O@pK#### ###
####..###### #### #.....##
#....
##O.###..#########..#
##..# #...<...O.....#
##... #.##........####
####...####.#########....#
..#...........# ####.#
........####### #.# ##


You could see Pikel, an ogre and 2 slaves.

Vanquished Creatures
  An ogre (D:5)
  A centaur (D:5)
  3 crimson imps
  A jelly (D:5)
  2 orc wizards
  2 hounds
  3 orc priests (D:3)
  3 worker ants
  3 gnolls (D:5)
  6 adders
  A shadow imp (D:5)
  3 oozes
  2 worms
  5 giant geckos
  12 orcs
  2 giant cockroaches (D:4)
  8 goblins
  4 hobgoblins
  13 jackals
  A ball python skeleton (D:5)
  5 bats
  6 giant newts
  7 kobolds
  A quokka (D:4)
  5 rats
  A fulminant prism (D:4)
101 creatures vanquished.

Vanquished Creatures (others)
  21 fulminant prisms
21 creatures vanquished.

Grand Total: 122 creatures vanquished

Notes
Turn   | Place    | Note
--------------------------------------------------------------
     0 | D:1      | Raultor the Octopode Conjurer began the quest for the Orb.
     0 | D:1      | Reached XP level 1. HP: 11/11 MP: 3/3
   308 | D:1      | Reached XP level 2. HP: 17/17 MP: 5/5
   934 | D:1      | Reached XP level 3. HP: 21/21 MP: 4/6
  1460 | D:2      | Reached skill level 5 in Conjurations
  1732 | D:2      | Found a faded altar to an unknown god.
  1747 | D:2      | Reached XP level 4. HP: 27/27 MP: 0/7
  1756 | D:2      | Learned a level 4 spell: Fulminant Prism
  2283 | D:3      | Reached skill level 1 in Hexes
  2743 | D:3      | Reached XP level 5. HP: 31/31 MP: 6/8
  2951 | D:3      | Reached skill level 6 in Conjurations
  3063 | D:3      | Reached XP level 6. HP: 32/36 MP: 0/9
  3684 | D:4      | Noticed Pikel
  3719 | D:5      | Entered Level 5 of the Dungeon
  3928 | D:5      | Reached skill level 7 in Conjurations
  4160 | D:5      | Reached XP level 7. HP: 39/41 MP: 5/10
  4188 | D:5      | Found a staircase to the Ecumenical Temple.
  4203 | Temple   | Entered the Ecumenical Temple
  5044 | D:4      | Reached skill level 8 in Conjurations
  5651 | D:4      | Slain by an ogre

Vault maps used:
D:1:      onia_arrival_mini_maze_b
D:2:      ecumenical_altar_2, first_bread
D:3:      corexii_shack_village, kennysheep_generic_room_11
D:4:      uniq_pikel
D:5:      kennysheep_windowed_halls, kennysheep_little_box, temple_green
Temple:   eino_temple_water_12

Action                   |  1- 3 |  4- 6 |  7- 9 || total
-------------------------+-------+-------+-------++-------
Melee: Unarmed           |    39 |    26 |       ||    65
       Whip              |       |    18 |       ||    18
       Quarterstaff      |       |     8 |    33 ||    41
 Cast: Magic Dart        |    49 |    55 |    29 ||   133
       Fulminant Prism   |       |     8 |    14 ||    22
  Use: Scroll            |       |       |     1 ||     1
 Stab: Sleeping          |     2 |     2 |       ||     4
       Distracted        |     1 |       |       ||     1
  Eat: Chunk             |     3 |     8 |    17 ||    28
